 Dungeon Crawl Stone Soup version 0.20-a0-494-gf50ee04 (webtiles) character file.

157 Faca the Shield-Bearer (level 5, -26/42 HPs)
             Began as a Formicid Fighter on Jan 17, 2017.
             Killed from afar by a hell hog (34 damage)
             ... with a fireball
             ... on level 2 of the Abyss.
             The game lasted 00:07:09 (1612 turns).

Faca the Shield-Bearer (Formicid Fighter)           Turns: 1612, Time: 00:07:10

Health: -26/42     AC: 11    Str: 20    XL:     5   Next: 66%
Magic:  5/5        EV:  4    Int:  8    God:
Gold:   127        SH: 10    Dex: 11    Spells: 4/4 levels left

rFire    . . .     SeeInvis +   a - +1 war axe
rCold    . . .     Gourm    .   n - +0 plate armour
rNeg     . . .     Faith    .   c - +1 shield
rPois    .         Spirit   .   (helmet unavailable)
rElec    .         Reflect  .   (no cloak)
rCorr    .         Harm     .   (no gloves)
MR       .....                  (no boots)
Stlth    ..........             (no amulet)
Regen    0.2/turn               (no ring)
                                (no ring)

@: no status effects
A: permanent stasis, dig shafts and tunnels, four strong arms, antennae 3
a: Dig, Shaft Self


You were on level 2 of the Abyss.
You were not hungry.

You visited 1 branch of the dungeon, and saw 3 of its levels.
You visited the Abyss 1 time.

You collected 127 gold pieces.

Inventory:

Hand Weapons
 a - a +1 war axe (weapon)
Armour
 c - a +1 shield (worn)
 n - a +0 plate armour (worn)
Scrolls
 g - 3 scrolls of remove curse
 m - a scroll of enchant weapon
Potions
 d - a potion of might
 e - a potion of resistance {unknown}
 i - 2 potions of lignification
 k - a potion of degeneration {unknown}
 l - a potion of brilliance {unknown}
Comestibles
 b - a beef jerky
 f - a bread ration
 j - 3 fruits


   Skills:
 + Level 3.7 Fighting
 + Level 3.7 Axes
 + Level 4.1 Armour
 + Level 0.3 Dodging
 + Level 4.7 Shields


You had 4 spell levels left.
You didn't know any spells.

Dungeon Overview and Level Annotations

Branches:
Dungeon (3/15)

Altars:
Kikubaaqudgha


Innate Abilities, Weirdness & Mutations

You cannot be hasted, slowed, berserked, paralysed or teleported.
You can dig through walls and to a lower floor.
Your four strong arms can wield two-handed weapons with a shield.
You have a pair of large antennae on your head. (SInv)


Message History

Found 23 gold pieces.
You retract your mandibles.
Found 35 gold pieces.
A hell hog comes into view.
The hell hog breathes fire at you.
The fireball explodes!
The fireball engulfs you!
Ouch! That really hurt!
You hear a roar!
You see here 23 gold pieces.
You now have 127 gold pieces (gained 23).
A smoke demon comes into view.
The smoke demon roars!
The smoke demon gestures at you. Something smites you!
* * * LOW HITPOINT WARNING * * *
Found a scroll of remove curse.
The hell hog breathes fire at you.
The fireball explodes!
The fireball engulfs you!
Ouch! That really hurt!
You die...

##....#..## ## #........
# ... #............
##.### #.............
#.....# #.............
.......####.............
.....3...........$.....
..?.#....h.............
.......@###........#..
........# #.........
...#..... ..........
........###.#......
........# .#.....#.
........# #.....
........# ......#.#


You could see a hell hog and a smoke demon.

Vanquished Creatures
  Jessica (D:2)
  Ijyb (D:2)
  A gnoll (D:1)
  An adder (D:3)
  A worm (D:3)
  3 dart slugs (D:1)
  2 leopard geckos
  5 orcs (D:3)
  13 bats
  2 giant cockroaches
  8 goblins
  6 hobgoblins
  6 jackals
  3 kobolds
  A quokka (D:3)
  3 ball pythons
  6 frilled lizards
  6 rats
69 creatures vanquished.

Notes
Turn   | Place    | Note
-------+----------+-------------------------------------------
     0 | D:1      | Faca the Formicid Fighter began the quest for the Orb.
     0 | D:1      | Reached XP level 1. HP: 18/18 MP: 1/1
    69 | D:1      | Reached XP level 2. HP: 19/24 MP: 2/2
   342 | D:1      | Reached XP level 3. HP: 26/29 MP: 3/3
   458 | D:1      | Found an ancient bone altar of Kikubaaqudgha.
   572 | D:2      | Found a faded altar of an unknown god.
   572 | D:2      | Noticed Jessica
   575 | D:2      | Killed Jessica
   575 | D:2      | Reached XP level 4. HP: 30/37 MP: 4/4
  1174 | D:2      | Noticed Ijyb
  1195 | D:2      | Killed Ijyb
  1195 | D:2      | Reached XP level 5. HP: 40/42 MP: 5/5
  1562 | D:3      | Cast into level 2 of the Abyss (orc priest)
  1577 | Abyss:2  | Noticed a large abomination
  1604 | Abyss:2  | Noticed a hell hog
  1609 | Abyss:2  | Noticed a smoke demon
  1612 | Abyss:2  | Killed from afar by a hell hog

Vault maps used:
D:1:      zelgadis_glass_arrival_small, kennysheep_flooded_box
D:2:      serial_curves, eino_curves_01, eino_curves_02, first_bread,
          chequers_ecumenical_altar_simple_redux, uniq_iyjb, uniq_jessica

Skill      XL: |  1  2  3  4 |
---------------+-------------+-----
Armour         | 4 |  4.1
Shields        | 4 |  4.7
Axes           | 3 |  3.7
Fighting       | |  3.7
Dodging        | |  0.3

Action                   |  1- 3 |  4- 6 || total
-------------------------+-------+-------++-------
Melee: War axe           |    54 |   147 ||   201
 Abil: Dig               |       |     1 ||     1
  Use: Scroll            |       |     7 ||     7
  Eat: Bread ration      |       |     1 ||     1
Armor: Scale mail        |    21 |       ||    21
       Chain mail        |    16 |    97 ||   113
       Plate armour      |       |     2 ||     2
Dodge: Dodged            |    16 |    41 ||    57
Block: Shield            |    33 |    96 ||   129
